ORI
UNIVERSITY OF GEORGIA BULLDOGS @ OREGON STATE UNIVERSITY BEAVERS
11/04/2048
 
TOP OF THE 1ST
Oregon State University Beavers batting - Pitching for University of Georgia Bulldogs : RHP Norbaer Oomen
Pitching: RHP Norbaer Oomen
Batting: LHB Sun-wei Kuai 0-0: Ground out 6-3 (Groundball, P, EV 77.5 MPH)
Batting: LHB Brock Darby 0-0: Foul Ball, location: 2F
0-1: Ball
1-1: Ball
2-1: Ball
3-1: Swinging Strike
3-2: Strikes out swinging
Batting: RHB Steve Webb 0-0: Ball
1-0: Foul Ball, location: 2F
1-1: Ball
2-1: Ball
3-1: Swinging Strike
3-2: SINGLE (Groundball, 34D, EV 96.2 MPH)
Batting: LHB Jason Trevarrow 0-0: Called Strike
0-1: Ground out 4-3 (Groundball, 4, EV 103.8 MPH)
Top of the 1st over - 0 runs, 1 hit, 0 errors, 1 left on base; Oregon State University 0 - University of Georgia 0
BOTTOM OF THE 1ST
University of Georgia Bulldogs batting - Pitching for Oregon State University Beavers : LHP Mark Sander
Pitching: LHP Mark Sander
Batting: RHB Nate McCormick 0-0: Ball
1-0: Fly out, F8 (Line Drive, 8LM, EV 100.6 MPH)
Batting: LHB Casey Bass 0-0: Foul Ball, location: 2F
0-1: Swinging Strike
0-2: Ball
1-2: Foul Ball, location: 2F
1-2: Ground out 4-3 (Groundball, 4, EV 91.9 MPH)
Batting: RHB Charlie Davison 0-0: Ball
1-0: Ball
2-0: Ball
3-0: Called Strike
3-1: Base on Balls
Batting: RHB Rodolfo Solis 0-0: Ball
1-0: Ball
2-0: Ball
3-0: Fielders Choice at 2nd, U6 (Groundball, 6M, EV 82.5 MPH)
Bottom of the 1st over - 0 runs, 0 hits, 0 errors, 1 left on base; Oregon State University 0 - University of Georgia 0
TOP OF THE 2ND
Oregon State University Beavers batting - Pitching for University of Georgia Bulldogs : RHP Norbaer Oomen
Batting: LHB Jon Hamilton 0-0: Ball
1-0: Called Strike
1-1: Ball
2-1: Ball
3-1: SINGLE (Flyball, 9LS, EV 91.2 MPH)
Batting: SHB Eric Robertson 0-0: Called Strike
0-1: Foul Ball, location: 2F
0-2: Strikes out looking
Batting: SHB Chris Gartner 0-0: Called Strike
0-1: Swinging Strike
0-2: Ball
1-2: Strikes out looking
Batting: SHB Sosaia Apelahama 0-0: Called Strike
0-1: Swinging Strike
0-2: Strikes out swinging
Top of the 2nd over - 0 runs, 1 hit, 0 errors, 1 left on base; Oregon State University 0 - University of Georgia 0
BOTTOM OF THE 2ND
University of Georgia Bulldogs batting - Pitching for Oregon State University Beavers : LHP Mark Sander
Batting: LHB Dennis Klein 0-0: Foul Ball, location: 2F
0-1: Called Strike
0-2: Strikes out swinging
Batting: RHB Rich Gold 0-0: Ground out 6-3 (Groundball, 6, EV 83.1 MPH)
Batting: LHB Luis Mejia 0-0: Ball
1-0: Foul Ball, location: 2F
1-1: Foul Ball, location: 2F
1-2: Strikes out swinging
Bottom of the 2nd over - 0 runs, 0 hits, 0 errors, 0 left on base; Oregon State University 0 - University of Georgia 0
TOP OF THE 3RD
Oregon State University Beavers batting - Pitching for University of Georgia Bulldogs : RHP Norbaer Oomen
Batting: RHB Dave Crum 0-0: Foul Ball, location: 2F
0-1: Foul Ball, location: 2F
0-2: Strikes out looking
Batting: LHB Sun-wei Kuai 0-0: Called Strike
0-1: Ball
1-1: Ball
2-1: Ball
3-1: Called Strike
3-2: Foul Ball, location: 2F
3-2: Ground out 6-3 (Groundball, 56D, EV 105.6 MPH)
Batting: LHB Brock Darby 0-0: Called Strike
0-1: Called Strike
0-2: Ball
1-2: Foul Ball, location: 2F
1-2: Ball
2-2: Ball
3-2: Reached on error, E4 (Groundball, 4, EV 86.2 MPH)
Batting: RHB Steve Webb 0-0: Fly out, F9 (Flyball, 9D, EV 91.2 MPH)
Top of the 3rd over - 0 runs, 0 hits, 1 error, 1 left on base; Oregon State University 0 - University of Georgia 0
BOTTOM OF THE 3RD
University of Georgia Bulldogs batting - Pitching for Oregon State University Beavers : LHP Mark Sander
Batting: RHB Albert Rodriguez 0-0: Ball
1-0: Ball
2-0: Ground out 6-3 (Groundball, 6M, EV 78.8 MPH)
Batting: LHB Edwin Zavala 0-0: Ball
1-0: Foul Ball, location: 2F
1-1: Swinging Strike
1-2: Foul Ball, location: 2F
1-2: Ball
2-2: Fly out, F6 (Popup, 6MS, EV 80.6 MPH)
Batting: RHB Nate McCormick 0-0: Foul Ball, location: 2F
0-1: Foul Ball, location: 2F
0-2: Strikes out swinging
Bottom of the 3rd over - 0 runs, 0 hits, 0 errors, 0 left on base; Oregon State University 0 - University of Georgia 0
TOP OF THE 4TH
Oregon State University Beavers batting - Pitching for University of Georgia Bulldogs : RHP Norbaer Oomen
Batting: LHB Jason Trevarrow 0-0: Ball
1-0: Swinging Strike
1-1: Swinging Strike
1-2: Strikes out looking
Batting: LHB Jon Hamilton 0-0: Foul Ball, location: 2F
0-1: Ball
1-1: Called Strike
1-2: Strikes out swinging
Batting: SHB Eric Robertson 0-0: Foul Ball, location: 2F
0-1: Foul Ball, location: 2F
0-2: Ball
1-2: Ball
2-2: Foul Ball, location: 2F
2-2: Foul Ball, location: 2F
2-2: Strikes out swinging
Top of the 4th over - 0 runs, 0 hits, 0 errors, 0 left on base; Oregon State University 0 - University of Georgia 0
BOTTOM OF THE 4TH
University of Georgia Bulldogs batting - Pitching for Oregon State University Beavers : LHP Mark Sander
Batting: LHB Casey Bass 0-0: Ball
1-0: Swinging Strike
1-1: Swinging Strike
1-2: DOUBLE (Line Drive, 89M, EV 103.1 MPH)
Batting: RHB Charlie Davison 0-0: Swinging Strike
0-1: Foul Ball, location: 2F
0-2: Ball
1-2: Ball
2-2: Foul Ball, location: 2F
2-2: Ground out 4-3 (Groundball, 13, EV 88.1 MPH)
Casey Bass to third
Batting: RHB Rodolfo Solis 0-0: Ground out U3 (Groundball, 13, EV 84.4 MPH)
Casey Bass scores
Batting: LHB Dennis Klein 0-0: Ball
1-0: Foul Ball, location: 2F
1-1: Swinging Strike
1-2: Foul Ball, location: 2F
1-2: Ground out 4-3 (Groundball, 4, EV 87.5 MPH)
Bottom of the 4th over - 1 run, 1 hit, 0 errors, 0 left on base; Oregon State University 0 - University of Georgia 1
TOP OF THE 5TH
Oregon State University Beavers batting - Pitching for University of Georgia Bulldogs : RHP Norbaer Oomen
Batting: SHB Chris Gartner 0-0: Ball
1-0: Ball
2-0: Ground out 4-3 (Groundball, 4, EV 85.0 MPH)
Batting: SHB Sosaia Apelahama 0-0: Ball
1-0: Called Strike
1-1: Ball
2-1: Ball
3-1: Swinging Strike
3-2: Strikes out swinging
Batting: RHB Dave Crum 0-0: Ball
1-0: Called Strike
1-1: Ball
2-1: Swinging Strike
2-2: Foul Ball, location: 2F
2-2: Ball
3-2: Strikes out swinging
Top of the 5th over - 0 runs, 0 hits, 0 errors, 0 left on base; Oregon State University 0 - University of Georgia 1
BOTTOM OF THE 5TH
University of Georgia Bulldogs batting - Pitching for Oregon State University Beavers : LHP Mark Sander
Batting: RHB Rich Gold 0-0: Ball
1-0: Ball
2-0: Foul Ball, location: 2F
2-1: Swinging Strike
2-2: Ground out 6-3 (Groundball, 6, EV 81.2 MPH)
Batting: LHB Luis Mejia 0-0: Ball
1-0: Swinging Strike
1-1: Called Strike
1-2: SINGLE (Line Drive, 89S, EV 91.2 MPH)
Batting: RHB Albert Rodriguez 0-0: Called Strike
0-1: Foul Ball, location: 2F
0-2: Strikes out swinging
Batting: LHB Edwin Zavala 0-0: Called Strike
0-1: Ball
1-1: Called Strike
1-2: Strikes out swinging
Bottom of the 5th over - 0 runs, 1 hit, 0 errors, 1 left on base; Oregon State University 0 - University of Georgia 1
TOP OF THE 6TH
Oregon State University Beavers batting - Pitching for University of Georgia Bulldogs : RHP Norbaer Oomen
Pitching: RHP Li-zhu Liu
Batting: LHB Sun-wei Kuai 0-0: Ball
1-0: Foul Ball, location: 2F
1-1: Ball
2-1: Ball
3-1: Foul Ball, location: 2F
3-2: Base on Balls
Batting: LHB Brock Darby 0-0: Called Strike
Sun-wei Kuai is caught stealing 2nd base 2-6
0-1: Ball
1-1: Swinging Strike
1-2: Ground out 6-3 (Groundball, 6, EV 103.8 MPH)
Batting: RHB Steve Webb 0-0: Ball
1-0: Ball
2-0: Foul Ball, location: 2F
2-1: Fly out, F9 (Flyball, 9, EV 83.8 MPH)
Top of the 6th over - 0 runs, 0 hits, 0 errors, 0 left on base; Oregon State University 0 - University of Georgia 1
BOTTOM OF THE 6TH
University of Georgia Bulldogs batting - Pitching for Oregon State University Beavers : LHP Mark Sander
Batting: RHB Nate McCormick 0-0: Called Strike
0-1: Called Strike
0-2: Strikes out swinging
Batting: LHB Casey Bass 0-0: Ground out 6-3 (Groundball, 6, EV 77.5 MPH)
Batting: RHB Charlie Davison 0-0: Called Strike
0-1: Foul Ball, location: 2F
0-2: Ball
1-2: Ball
2-2: Ball
3-2: Foul Ball, location: 2F
3-2: Ground out 6-3 (Groundball, P, EV 80.6 MPH)
Bottom of the 6th over - 0 runs, 0 hits, 0 errors, 0 left on base; Oregon State University 0 - University of Georgia 1
TOP OF THE 7TH
Oregon State University Beavers batting - Pitching for University of Georgia Bulldogs : RHP Li-zhu Liu
Pitching: LHP Vinny Segarra
Batting: LHB Jason Trevarrow 0-0: Foul Ball, location: 2F
0-1: Ball
1-1: Foul Ball, location: 2F
1-2: Ball
2-2: Ground out U3 (Groundball, 3L, EV 87.5 MPH)
Batting: LHB Jon Hamilton 0-0: Foul Ball, location: 2F
0-1: Ball
1-1: Ball
2-1: Foul Ball, location: 2F
2-2: Foul Ball, location: 2F
2-2: Ball
3-2: Strikes out swinging
Batting: SHB Eric Robertson 0-0: Reached on error, E6 (Groundball, 6, EV 101.2 MPH)
Batting: SHB Chris Gartner 0-0: Swinging Strike
0-1: Foul Ball, location: 2F
0-2: Ball
1-2: SINGLE (Line Drive, 34D, EV 100.0 MPH)
Eric Robertson to second
Runner from 2nd tries for 3rd, SAFE, no throw by RF
Batting: SHB Sosaia Apelahama 0-0: Called Strike
0-1: Called Strike
0-2: Ball
1-2: Strikes out swinging
Top of the 7th over - 0 runs, 1 hit, 1 error, 2 left on base; Oregon State University 0 - University of Georgia 1
BOTTOM OF THE 7TH
University of Georgia Bulldogs batting - Pitching for Oregon State University Beavers : LHP Mark Sander
Pitching: RHP Nick Henry
Batting: RHB Rodolfo Solis 0-0: Called Strike
0-1: Ball
1-1: Swinging Strike
1-2: Fly out, F8 (Line Drive, 8RD, EV 104.4 MPH)
Batting: LHB Dennis Klein 0-0: Ball
1-0: Called Strike
1-1: Swinging Strike
1-2: Foul Ball, location: 2F
1-2: Foul Ball, location: 2F
1-2: Ball
2-2: Ground out 6-3 (Groundball, 6M, EV 88.1 MPH)
Batting: RHB Rich Gold 0-0: Ground out 4-3 (Groundball, 4, EV 101.9 MPH)
Bottom of the 7th over - 0 runs, 0 hits, 0 errors, 0 left on base; Oregon State University 0 - University of Georgia 1
TOP OF THE 8TH
Oregon State University Beavers batting - Pitching for University of Georgia Bulldogs : LHP Vinny Segarra
Pitching: LHP Andres Caceres
Batting: RHB Dave Crum 0-0: Reached on error, E5 (Groundball, 5, EV 86.9 MPH)
Batting: LHB Sun-wei Kuai 0-0: Swinging Strike
0-1: Called Strike
0-2: Foul Ball, location: 2F
0-2: Ball
1-2: Foul Ball, location: 2F
1-2: Ball
2-2: Fielders Choice at 2nd, 6-4 (Groundball, 56S, EV 90.6 MPH)
Batting: LHB Brock Darby 0-0: Foul Ball, location: 2F
0-1: Fielders Choice at 2nd, 3-6 (Groundball, 34S, EV 82.5 MPH)
Batting: RHB Steve Webb 0-0: Called Strike
0-1: Swinging Strike
0-2: Fielders Choice at 2nd, 6-4 (Groundball, 6, EV 86.2 MPH)
Top of the 8th over - 0 runs, 0 hits, 1 error, 1 left on base; Oregon State University 0 - University of Georgia 1
BOTTOM OF THE 8TH
University of Georgia Bulldogs batting - Pitching for Oregon State University Beavers : RHP Nick Henry
Pitching: LHP Jaime Belden
Batting: LHB Luis Mejia 0-0: Ground out U3 (Groundball, 34, EV 101.9 MPH)
Batting: RHB Albert Rodriguez 0-0: Ball
1-0: Called Strike
1-1: Foul Ball, location: 2F
1-2: Foul Ball, location: 2F
1-2: Foul Ball, location: 2F
1-2: Fly out, F8 (Flyball, 8RM, EV 74.4 MPH)
Batting: LHB Edwin Zavala 0-0: Called Strike
0-1: Called Strike
0-2: Ball
1-2: Ball
2-2: Ball
3-2: Strikes out swinging
Bottom of the 8th over - 0 runs, 0 hits, 0 errors, 0 left on base; Oregon State University 0 - University of Georgia 1
TOP OF THE 9TH
Oregon State University Beavers batting - Pitching for University of Georgia Bulldogs : LHP Andres Caceres
Pitching: LHP Jon Lucas
Batting: LHB Jason Trevarrow 0-0: Ball
1-0: Swinging Strike
1-1: Foul Ball, location: 2F
1-2: Strikes out swinging
Pinch Hitting: RHB Oscar Munoz 0-0: Swinging Strike
0-1: Foul Ball, location: 2F
0-2: Ball
1-2: Strikes out swinging
Batting: SHB Eric Robertson 0-0: Ball
1-0: Called Strike
1-1: Ball
2-1: Ball
3-1: Foul Ball, location: 2F
3-2: Ground out 6-3 (Groundball, 6, EV 86.2 MPH)
Top of the 9th over - 0 runs, 0 hits, 0 errors, 0 left on base; Oregon State University 0 - University of Georgia 1
Tuesday, March 28th , 2023 - OOTP Baseball 23.10 Build 110